 Dungeon Crawl Stone Soup version 0.19-a0-585-ge40200b (webtiles) character file.

59364 Kilingo the Blocker (level 14, -1/186 HPs)
             Began as a Minotaur Fighter on June 8, 2016.
             Was a High Priest of the Shining One.
             Succumbed to poison (poison gas)
             ... on level 1 of the Swamp on June 9, 2016.
             The game lasted 04:48:21 (26321 turns).

Kilingo the Blocker (Minotaur Fighter)             Turns: 26321, Time: 04:48:22

Health: -1/186     AC: 24    Str: 27    XL:     14   Next: 52%
Magic:  11/14      EV: 14    Int:  8    God:    the Shining One [*****.]
Gold:   1325       SH: 23    Dex: 11    Spells: 0 memorised, 13 levels left

rFire  . . .     SeeInvis .     t - +1 morningstar
rCold  + . .     Gourm    .     e - +2 plate armour
rNeg   + + .     Faith    .     c - +1 shield
rPois  .         Spirit   .     (helmet restricted)
rElec  .         Dismiss  .     n - +1 cloak
rCorr  .         Reflect  .     C - +0 pair of gloves
SustAt .         Harm     .     I - +0 pair of boots
MR     +....                    s - amulet of regeneration
Stlth  ..........               h - ring "Yricwed" {rC+ AC+1}
                                x - +3 ring of evasion

@: berserking (expiring), lethally poisoned (-1 -> -34), divine shield, very
slightly contaminated, hasted, glowing, very quick, somewhat resistant to
hostile enchantments, extremely unstealthy
A: retaliatory headbutt, horns 2
a: Divine Shield, Cleansing Flame, Summon Divine Warrior, Renounce Religion


You were on level 1 of the Swamp.
You worshipped the Shining One.
The Shining One was extremely pleased with you.
You were not hungry.

You visited 4 branches of the dungeon, and saw 20 of its levels.
You also visited: Labyrinth, Sewer and Ice Cave.

You collected 1439 gold pieces.
You spent 114 gold pieces at shops.

Inventory:

Hand Weapons
 t - a +1 morningstar (weapon)
 X - a +0 flail of protection
Missiles
 b - 6 javelins of penetration
 j - 424 stones (quivered)
Armour
 c - a +1 shield (worn)
 e - a +2 plate armour (worn)
 n - a +1 cloak (worn)
 C - a +0 pair of gloves (worn)
 I - a +0 pair of boots (worn)
Rods
 m - a +3 rod of shadows (12/12)
   (You found it in a labyrinth)
 Y - a +4 rod of ignition (12/12)
   (You found it in a labyrinth)
Jewellery
 h - the ring "Yricwed" (right hand) {rC+ AC+1}
   (You found it in a labyrinth)

   [ring of protection]

   It affects your AC (+1).
   It protects you from cold.
 l - an uncursed ring of see invisible
 o - an uncursed ring of protection from fire
 s - an amulet of regeneration (around neck)
 x - a +3 ring of evasion (left hand)
 O - an uncursed ring of sustain attributes
 W - an uncursed ring of protection from fire
 Z - an uncursed ring of protection from magic
Wands
 q - a wand of iceblast (3/15)
 B - a wand of lightning (8/15)
 G - a wand of flame (11/48)
 N - a wand of acid (8/15)
 T - a wand of teleportation (1/9)
Scrolls
 g - a scroll of vulnerability {unknown}
 u - 2 scrolls of blinking
 D - a scroll of brand weapon {unknown}
 F - 2 scrolls of immolation
 H - a scroll of identify
 K - 6 scrolls of remove curse
 L - 7 scrolls of teleportation
 M - 2 scrolls of fear {unknown}
 S - a scroll of torment {unknown}
Potions
 i - a potion of agility {unknown}
 p - a potion of berserk rage
 r - a potion of flight {unknown}
 v - a potion of magic {unknown}
 y - 2 potions of cure mutation {unknown}
 z - a potion of mutation {unknown}
 J - 2 potions of lignification {unknown}
 Q - a potion of experience {unknown}
 R - a potion of ambrosia {unknown}
Miscellaneous
 d - a lamp of fire
Comestibles
 a - a slice of pizza
 f - 6 bread rations
 k - 7 meat rations
 E - 7 royal jellies
 P - 6 beef jerkies


   Skills:
 + Level 11.6 Fighting
   Level 0.2 Short Blades
 + Level 13.8 Maces & Flails
 + Level 12.2 Throwing
 + Level 12.2 Armour
 + Level 7.5 Dodging
 - Level 1.5 Stealth
 + Level 14.0 Shields
 + Level 2.2 Invocations
 + Level 2.5 Evocations


You had 13 spell levels left.
You didn't know any spells.

Dungeon Overview and Level Annotations

Branches:
Dungeon (10/15)            Temple (0/1) D:7            Lair (8/8) D:9
  Swamp (1/4) Lair:3        Snake (1/4) Lair:6        Slime (0/6) Lair:7
    Orc (0/2) D:9

Altars:
Ashenzari
Cheibriados
Dithmenos
Elyvilon
Gozag
Kikubaaqudgha
Makhleb
Okawaru
Sif Muna
Trog
Vehumet
Xom
Zin
The Shining One

Shops:
D:5 *   D:7 (


Innate Abilities, Weirdness & Mutations

You reflexively headbutt those who attack you in melee.
You have a pair of horns on your head.


Message History

Moving in this stuff is going to be slow.
* * * LOW HITPOINT WARNING * * *
You feel very sick.
* * * LOW HITPOINT WARNING * * *
You feel very sick.
Okay, then.
You offer a prayer to the Shining One.
The Shining One is extremely pleased with you.
* * * LOW HITPOINT WARNING * * *
You feel very sick.
It was a potion of berserk rage.
A red film seems to cover your vision as you go berserk!
You feel yourself moving faster!
You feel mighty!
* * * LOW HITPOINT WARNING * * *
You feel very sick.
You feel a strong urge to attack something.
* * * LOW HITPOINT WARNING * * *
You feel very sick.
You are too berserk!
You die...

≈.≈..§≈≈≈≈≈.P.≈.♣♣♣♣♣.♣♣
≈≈..P.≈≈≈≈≈≈....♣ ♣[..♣
≈≈≈....≈≈.≈P...♣♣ ♣.≈≈♣♣
.......≈≈.PP.≈♣♣♣ ♣♣...♣
..≈≈...P....≈..≈♣♣ ♣≈..≈♣
^.≈≈≈.≈...≈≈≈≈..≈♣♣♣≈≈..♣
...≈≈≈.♣≈...≈....≈♣♣≈≈≈≈♣
≈≈.≈≈≈..♣...≈≈....≈≈...♣♣
≈≈.≈≈≈≈§.♣≈..≈≈.@<....♣♣
≈≈≈.≈≈≈.≈♣.≈≈≈≈≈≈≈≈≈..≈♣
.♣♣.≈♣♣♣♣♣≈≈≈≈≈≈≈≈≈≈.♣♣♣
≈♣ ..♣ ♣♣≈≈≈♣♣≈≈≈≈.♣
..≈..♣ ♣♣♣♣♣♣≈≈≈..≈♣
≈≈≈≈≈. ♣≈≈≈≈≈..♣ ≈≈≈≈≈
≈≈≈≈≈≈≈≈.≈. ≈≈.≈≈
≈≈≈≈≈≈≈≈...


There were no monsters in sight!

Vanquished Creatures
  3 dire elephants (Lair:8)
  A minotaur (Lab)
  Fannar (Lair:1)
  An anaconda (Lair:8)
  An alligator (Lair:3)
  4 hydras
  Nergalle (Lair:4)
  2 shock serpents (Snake:1)
  A swamp dragon (Swamp:1)
  A fire crab (Lair:7)
  An unseen horror (D:7)
  Pikel (D:8)
  An orc knight (D:9)
  Joseph (D:8)
  A necromancer (IceCv)
  An orc sorcerer (D:9)
  2 griffons
  4 elephants (Lair:8)
  An ice statue (IceCv)
  6 black mambas
  3 torpor snails (Lair:3)
  A centaur skeleton (D:10)
  14 spiny frogs
  A gargoyle (D:7)
  2 rime drakes
  10 komodo dragons
  10 freezing wraiths (IceCv)
  A steam dragon (D:8)
  A queen bee (D:8)
  2 polar bears
  Prince Ribbit (D:7)
  A giant leech (Swamp:1)
  A wolf spider simulacrum (IceCv)
  23 blink frogs
  A minotaur skeleton (Lab)
  Grinder (D:3)
  6 slime creatures (Swamp:1)
  A bog body (Swamp:1)
  2 wraiths (D:8)
  19 yaks
  A wyvern (Lair:6)
  2 basilisks
  9 hippogriffs
  4 hungry ghosts
  Grum (D:8)
  13 wargs (D:9)
  2 nagas
  19 water moccasins
  Duvessa (D:6)
  2 hell hounds (D:9)
  15 porcupines
  14 ice beasts
  Purgy (Sewer)
  4 orc warriors (D:9)
  A black bear (D:8)
  7 necrophages
  2 sky beasts
  2 phantoms
  8 wolves
  A centaur (D:8)
  11 crocodiles
  A big kobold (D:8)
  13 giant frogs
  A gnoll sergeant (D:9)
  A troll zombie (D:8)
  7 scorpions
  Dowan (D:6)
  7 wights (D:8)
  13 killer bees (D:8)
  An elephant simulacrum (IceCv)
  3 howler monkeys
  A crimson imp (D:6)
  A lava snake (Lair:4)
  4 hounds
  A quasit (D:8)
  2 draconian simulacra (IceCv)
  4 giant frog skeletons
  5 human zombies (D:8)
  8 orc priests
  15 jellies (Lair:7)
  5 orc wizards
  An iron imp (D:6)
  Jessica (D:3)
  10 iguanas
  Crazy Yiuf (D:5)
  8 worker ants
  Ijyb (D:3)
  2 polar bear simulacra (IceCv)
  A spriggan simulacrum (IceCv)
  7 troll simulacra (IceCv)
  13 sheep
  An ogre zombie (D:8)
  3 hound skeletons
  A worker ant zombie (D:5)
  8 naga simulacra (IceCv)
  9 adders
  13 gnolls
  2 ogre simulacra (IceCv)
  66 river rats
  3 shadow imps
  12 white imps (IceCv)
  2 oozes
  An adder skeleton (D:5)
  An adder zombie (D:8)
  4 worms
  A dart slug (D:2)
  8 giant geckos
  51 orcs
  6 bats
  13 giant cockroaches
  9 goblins
  7 hobgoblins
  2 jackals (D:9)
  10 kobolds
  2 quokkas
  4 ball pythons
  A giant gecko skeleton (D:4)
  8 giant newts
  2 jackal skeletons
  A jackal zombie (D:5)
  A quokka skeleton (D:4)
  A quokka zombie (D:7)
  4 rats
  A bush (Lair:2)
  2 fungi (Lair:7)
  6 plants
661 creatures vanquished.

Vanquished Creatures (collateral kills)
  3 dire elephants (Lair:8)
3 creatures vanquished.

Vanquished Creatures (others)
  4 slaves (D:8)
  4 fungi
  6 plants
14 creatures vanquished.

Grand Total: 678 creatures vanquished

Notes
Turn   | Place    | Note
--------------------------------------------------------------
     0 | D:1      | Kilingo the Minotaur Fighter began the quest for the Orb.
     0 | D:1      | Reached XP level 1. HP: 19/19 MP: 0/0
   327 | D:1      | Reached XP level 2. HP: 27/27 MP: 1/1
  1182 | D:2      | Reached skill level 4 in Shields
  1182 | D:2      | Reached XP level 3. HP: 33/33 MP: 2/2
  1621 | D:2      | Reached skill level 1 in Throwing
  1946 | D:2      | Found a burning altar of Makhleb.
  1987 | D:2      | Reached XP level 4. HP: 31/41 MP: 3/3
  2558 | D:3      | Reached skill level 1 in Dodging
  2568 | D:3      | Reached XP level 5. HP: 47/47 MP: 4/4
  2694 | D:3      | Noticed Grinder
  2705 | D:3      | Paralysed by Grinder for 4 turns
  2719 | D:3      | Killed Grinder
  2719 | D:3      | Reached skill level 5 in Armour
  2719 | D:3      | Reached XP level 6. HP: 25/55 MP: 5/5
  2768 | D:3      | Found a glowing drain.
  2803 | Sewer    | Entered a sewer
  2884 | Sewer    | Noticed Purgy
  2900 | Sewer    | Killed Purgy
  2900 | Sewer    | Reached skill level 1 in Stealth
  2900 | Sewer    | Reached skill level 5 in Shields
  3232 | D:3      | Noticed Ijyb
  3240 | D:3      | Killed Ijyb
  3503 | D:3      | Noticed Jessica
  3509 | D:3      | Killed Jessica
  3509 | D:3      | Reached skill level 5 in Fighting
  3699 | D:3      | Reached XP level 7. HP: 61/61 MP: 6/6
  4167 | D:4      | Found a white marble altar of Elyvilon.
  4168 | D:4      | Found a glowing golden altar of the Shining One.
  4169 | D:4      | Found a glowing silver altar of Zin.
  4182 | D:4      | Became a worshipper of the Shining One
  4254 | D:4      | Found a deep blue altar of Sif Muna.
  4441 | D:5      | Entered Level 5 of the Dungeon
  4619 | D:5      | Found Xoes Gull's General Store.
  4729 | D:5      | Reached * piety under the Shining One
  4803 | D:5      | Reached XP level 8. HP: 64/68 MP: 7/7
  5348 | D:5      | Noticed Crazy Yiuf
  5354 | D:5      | Killed Crazy Yiuf
  5409 | D:5      | Bought a scroll of identify for 24 gold pieces
  5600 | D:6      | Found a radiant altar of Vehumet.
  5601 | D:6      | Noticed Duvessa
  5601 | D:6      | Noticed Dowan
  5618 | D:6      | Killed Dowan
  5806 | D:6      | Killed Duvessa
  5806 | D:6      | Reached skill level 5 in Throwing
  5862 | D:6      | Found a snail-covered altar of Cheibriados.
  5869 | D:6      | Reached skill level 5 in Maces & Flails
  6022 | D:6      | Found a shattered altar of Ashenzari.
  6063 | D:6      | Reached skill level 6 in Shields
  6320 | D:7      | Found an iron altar of Okawaru.
  6326 | D:7      | Noticed Prince Ribbit
  6340 | D:7      | Killed Prince Ribbit
  6420 | D:7      | Found a shimmering altar of Xom.
  6423 | D:7      | Found a bloodstained altar of Trog.
  6540 | D:7      | Noticed a gargoyle
  6553 | D:7      | Killed a gargoyle
  6553 | D:7      | Reached XP level 9. HP: 39/75 MP: 8/8
  7015 | D:7      | Found a staircase to the Ecumenical Temple.
  7049 | D:7      | Noticed an unseen horror
  7053 | D:7      | Killed an unseen horror
  7053 | D:7      | Reached skill level 7 in Shields
  7055 | D:7      | Reached ** piety under the Shining One
  7253 | D:7      | Found Kiut's Weapon Boutique.
  7258 | D:7      | Bought 2 throwing nets for 90 gold pieces
  7431 | D:8      | Noticed Grum
  7723 | D:8      | Found an ancient bone altar of Kikubaaqudgha.
  7754 | D:8      | Reached skill level 8 in Shields
  7786 | D:8      | Reached XP level 10. HP: 79/83 MP: 9/9
  7844 | D:8      | Reached *** piety under the Shining One
  7871 | D:8      | Killed Grum
  7957 | D:8      | Reached skill level 5 in Dodging
  7998 | D:8      | Noticed Pikel
  8010 | D:8      | Killed Pikel
  8172 | D:8      | Reached skill level 9 in Shields
  8450 | D:8      | Noticed Joseph
  8459 | D:8      | Killed Joseph
  8844 | D:9      | Reached **** piety under the Shining One
  8920 | D:9      | Found a staircase to the Orcish Mines.
  9121 | D:9      | Found a staircase to the Lair.
  9345 | D:9      | Reached XP level 11. HP: 87/94 MP: 10/10
  9585 | D:9      | Noticed an orc sorcerer
  9591 | D:9      | Killed an orc sorcerer
  9667 | D:9      | Noticed an orc knight
  9698 | D:9      | Killed an orc knight
 10025 | D:9      | Reached skill level 10 in Shields
 10694 | Lair:1   | Entered Level 1 of the Lair of Beasts
 11108 | Lair:1   | Found a shadowy altar of Dithmenos.
 11265 | Lair:1   | Noticed Fannar
 11293 | Lair:1   | HP: 2/94 [Fannar/bolt of cold (28)]
 11794 | Lair:1   | Killed Fannar
 12028 | Lair:2   | Reached skill level 10 in Throwing
 12847 | Lair:3   | Found a staircase to the Swamp.
 12883 | Lair:3   | Reached skill level 11 in Shields
 12955 | Lair:3   | Reached XP level 12. HP: 92/103 MP: 11/11
 13480 | Lair:1   | Reached skill level 10 in Maces & Flails
 13594 | Lair:3   | Reached skill level 1 in Invocations
 13930 | Lair:3   | Reached skill level 10 in Armour
 13930 | Lair:3   | Reached skill level 1 in Evocations
 13945 | Lair:3   | Found a snail-covered altar of Cheibriados.
 14066 | Lair:3   | Noticed an alligator
 14094 | Lair:3   | Killed an alligator
 14446 | Lair:4   | Noticed a four-headed hydra
 14452 | Lair:4   | Killed a four-headed hydra
 14704 | Lair:4   | Found a labyrinth entrance.
 14725 | Lab      | Entered a labyrinth
 16997 | Lab      | Noticed a minotaur
 17011 | Lab      | Killed a minotaur
 17027 | Lab      | Identified a +4 rod of ignition (12/12) (You found it in a labyrinth)
 17051 | Lab      | Identified the Catalogue of the Volcanoes (You found it in a labyrinth)
 17062 | Lab      | Got a steaming pewter ring
 17063 | Lab      | Identified a +3 rod of shadows (12/12) (You found it in a labyrinth)
 17065 | Lab      | Identified the ring "Yricwed" {rC+ AC+1} (You found it in a labyrinth)
 17658 | Lair:4   | Noticed Nergalle
 17671 | Lair:4   | Killed Nergalle
 17681 | Lair:4   | Identified the Papyrus of Excruciating Fascination
 17821 | Lair:5   | Found a frozen archway.
 17987 | Lair:5   | Reached skill level 12 in Shields
 18000 | Lair:5   | Reached XP level 13. HP: 113/113 MP: 12/12
 18025 | Lair:5   | Found an opulent altar of Gozag.
 18114 | IceCv    | Entered an ice cave
 18278 | IceCv    | Reached skill level 10 in Fighting
 18427 | IceCv    | Found an ancient bone altar of Kikubaaqudgha.
 18427 | IceCv    | Reached ***** piety under the Shining One
 19862 | Lair:6   | Reached skill level 13 in Shields
 19981 | Lair:6   | Found a staircase to the Snake Pit.
 21424 | Lair:7   | Found a staircase to the Slime Pits.
 22217 | Lair:8   | Entered Level 8 of the Lair of Beasts
 23008 | Lair:8   | Reached XP level 14. HP: 114/122 MP: 14/14
 24944 | D:8      | Upgraded the game from 0.19-a0-559-ga3d69d0 to 0.19-a0-585-ge40200b
 24967 | D:10     | Entered Level 10 of the Dungeon
 25701 | Snake:1  | Entered Level 1 of the Snake Pit
 26074 | Swamp:1  | Entered Level 1 of the Swamp
 26167 | Swamp:1  | Reached skill level 14 in Shields
 26318 | Swamp:1  | HP: 4/124 [poison (poison gas)]
 26320 | Swamp:1  | HP: 1/186 [poison (poison gas)]
 26321 | Swamp:1  | Succumbed to poison (poison gas)

Vault maps used:
D:1:      minmay_arrival_stone_box
D:2:      bloody_makhleb
D:3:      portal_sewer_entry_f, first_bread, uniq_jessica, uniq_iyjb,
          uniq_grinder
D:4:      good_gods_temple_1, marbit_many_paths
D:5:      serial_shops, nicolae_shop_crystal, st_stairs_5,
          uniq_crazy_yiuf_cottage
D:6:      old_standard_altar, slow_altar_2, lemuel_tele_altar, uniq_duvessa
D:7:      okawaru_metal_pillars_3, minitemple, minmay_temple_entry_crystal_x,
          serial_shops, kennysheep_little_box, uniq_prince_ribbit1
D:8:      lemuel_mausoleum_altar_kikubaaqudgha, david_nohive_1, uniq_joseph,
          uniq_pikel, uniq_grum
D:9:      lemuel_castle_with_subvaults, minmay_lair_entry_lava, orc_0_dummy
Lair:1:   basic_altar, lemuel_fruit_fields, lemuel_fruit_fields,
          lemuel_fruit_tree, uniq_fannar
Lair:2:   minivault_19, grunt_megastairs_2
Lair:3:   swamp_mist_pool, kennysheep_snail_temple, infiniplex_staircase_pool_2
Lair:4:   lab_entry_generic, infiniplex_staircase_pool, grunt_megastairs_5,
          uniq_nergalle
Lair:5:   basic_altar, portal_ice_cave_entry_ice_beasts, serial_bayou_shore_a,
          grunt_megastairs_1
Lair:6:   dummy_snake_entry
Lair:7:   minmay_slime_entry_jelly_boxes, roderic_carrion_pond
Lair:8:   due_jungle_book
Swamp:1:  nicolae_swamp_fairy_circle
Snake:1:  uniq_asterion
Lab:      nicolae_lab_t_cross, lab_block
Sewer:    kennysheep_door_sewer
IceCv:    ice_cave_small_necro

Skill      XL: |  1  2  3  4  5  6  7  8  9 10 11 12 13 14 |
---------------+-------------------------------------------+-----
Armour         | 4 5 6 7 8 9 11 12 | 12.2
Fighting       | 4 5 6 7 8 9 10 11 | 11.6
Shields        | 4 5 6 8 9 11 12 13 14 | 14.0
Throwing       | 1 3 4 6 7 8 10 11 12 | 12.2
Dodging        | 1 2 3 4 6 7 |  7.5
Maces & Flails | 3 4 5 6 8 9 11 12 13 | 13.8
Stealth        | 1 |  1.5
Invocations    | 1 2 |  2.2
Evocations     | 1 2 |  2.5
Short Blades   | |  0.2

Action                   |  1- 3 |  4- 6 |  7- 9 | 10-12 | 13-15 || total
-------------------------+-------+-------+-------+-------+-------++-------
Melee: Flail             |    80 |    94 |   262 |   754 |   346 ||  1536
       Headbutt          |    16 |    20 |    50 |   134 |   237 ||   457
       Dagger            |    20 |    28 |       |       |       ||    48
       Rapier            |       |     3 |       |       |       ||     3
       Morningstar       |       |       |       |       |   537 ||   537
 Fire: Blowgun           |       |       |     2 |     2 |       ||     4
Throw: Stone             |    70 |    46 |    97 |   343 |   389 ||   945
       Tomahawk          |     1 |    10 |    40 |    27 |       ||    78
       Javelin           |       |     7 |    26 |   149 |     5 ||   187
       Throwing net      |       |       |       |     5 |       ||     5
Invok: Divine Shield     |       |       |     1 |     9 |    12 ||    22
Evoke: Wand              |       |       |     1 |    16 |    35 ||    52
       Rod               |       |       |       |       |     7 ||     7
       Lamp of fire      |       |       |       |       |     1 ||     1
  Use: Scroll            |     5 |     6 |     7 |     8 |     9 ||    35
       Potion            |       |     3 |     1 |     9 |     8 ||    21
 Stab: Invisible         |       |     3 |       |       |       ||     3
  Eat: Chunk             |     3 |     1 |     1 |    18 |    11 ||    34
       Bread ration      |       |     2 |     2 |     1 |     1 ||     6
       Fruit             |       |       |       |    18 |     8 ||    26
       Meat ration       |       |       |       |       |     2 ||     2
       Royal jelly       |       |       |       |       |     1 ||     1
Armor: Scale mail        |    35 |    54 |    80 |    71 |       ||   240
       Chain mail        |       |       |       |    75 |       ||    75
       Plate armour      |       |       |       |    86 |   304 ||   390
Dodge: Dodged            |    23 |    32 |    94 |   314 |   269 ||   732
Block: Shield            |    39 |    74 |   148 |   568 |   659 ||  1488
